AoeStats
← harooooo

Arabia

507828720Analyzed
1v1 RM · 13d ago on Sep 19, 2026· 28m 30s· 2 players
Game mode
Random Map
Map size
Tiny (2 player)
Population
200
Speed
Normal
Resources
Standard
Victory
Conquest
Starting age
Dark Age
Ending age
Imperial Age
RankedLock teamsTeams togetherTeam positionsShared explorationLock speedFull tech treeHidden civsTurbo modeCheats
Victory
Defeat
🇩🇰 Celts · Denmark
2033
+12
🇧🇦 Cumans · Bosnia & Herzegovina
1940
-12
DK | Mauseren
7:57 Loom
10:20 Feudal Age
16:12 Castle Age
14:12 Double-Bit Axe
18:24 Forging
22:18 Scale Barding Armor
28:27 Horse Collar
harooooo
5:43 Loom
8:31 Feudal Age
13:08 Double-Bit Axe
14:51 Town Watch
20:25 Fletching
23:02 Castle Age
Connection lost

Rejoining the realm…

Still unreachable

The connection could not be restored.

Session expired

The server has moved on; the page needs a fresh start.